 Dungeon Crawl Stone Soup version 0.28.0-53-g5a82cb258f (webtiles) character file.

Game seed: 11619498690907659925

1948 CryoSword the Cleaver (level 8, -2/65 HPs)
             Began as a Demonspawn Fighter on May 26, 2022.
             Was an Initiate of Ashenzari.
             Killed from afar by an electric eel (8 damage)
             ... with a bolt of electricity
             ... on level 6 of the Dungeon.
             The game lasted 00:10:44 (8237 turns).

CryoSword the Cleaver (Demonspawn Fighter)          Turns: 8237, Time: 00:10:44

Health: -2/65      AC:  8    Str: 20    XL:     8   Next: 98%
Magic:  17/17      EV:  9    Int:  9    God:    Ashenzari [......]
Gold:   370        SH:  5    Dex: 12    Spells: 7/7 levels left

rFire   . . .      SeeInvis .   p - +0 hand axe
rCold   . . .      Faith    .   c - +0 buckler
rNeg    . . .      Spirit   .   b - +0 scale mail
rPois   .          Reflect  .   g - +2 hat
rElec   .          Harm     .   (no cloak)
rCorr   .          Rampage  .   (no gloves)
Will    .....                   (no boots)
Stlth   ..........              y - amulet of the Bound Oracle {RegenMP, Self, Fort} (curse)
HPRegen 0.20/turn               s - ring of magical power
MPRegen 0.55/turn               (no ring)

@: no status effects
A: hooves 2, demonic guardian 2, ignite blood 1
a: Renounce Religion, Shatter the Chains


You were on level 6 of the Dungeon.
You worshipped Ashenzari.
Ashenzari was noncommittal.
You visited 2 branches of the dungeon, and saw 7 of its levels.

You collected 370 gold pieces.

Inventory:

Hand Weapons
 a - a +0 war axe
 p - a +0 hand axe (weapon)
   (You took it off an orc on level 3 of the Dungeon)
Missiles
 o - a poisoned dart (quivered)
Armour
 b - a +0 scale mail (worn)
 c - a +0 buckler (worn)
 g - a +2 hat (worn)
   (You found it on level 1 of the Dungeon)
 u - a +0 pair of boots
   (You found it on level 6 of the Dungeon)
Jewellery
 s - a ring of magical power (left hand)
   (You found it on level 4 of the Dungeon)
 y - the cursed amulet of the Bound Oracle (around neck) {RegenMP, Self, Fort}
   (You found it on level 5 of the Dungeon)

   [amulet of magic regeneration]

   It increases your rate of magic regeneration.
   It has a curse which improves the following skills: Introspection: Fighting
   and Spellcasting.
   Fortitude: Armour and Shields.
Wands
 x - a wand of digging (2)
   (You found it on level 4 of the Dungeon)
 B - a wand of iceblast (11)
   (You found it on level 5 of the Dungeon)
 E - a wand of paralysis (11)
   (You found it on level 6 of the Dungeon)
Scrolls
 f - 2 scrolls of teleportation {unknown}
 h - a scroll of fog {unknown}
 k - 2 scrolls of magic mapping
 l - a scroll of enchant weapon {unknown}
 n - 3 scrolls of identify {unknown}
 q - a scroll of vulnerability {unknown}
 w - a scroll of silence {unknown}
 A - a scroll of immolation {unknown}
Potions
 d - 2 potions of might
 e - 2 potions of flight {unknown}
 i - 2 potions of cancellation {unknown}
 j - 2 potions of lignification {unknown}
 m - a potion of brilliance {unknown}
 r - 2 potions of haste {@q3}
 t - 2 potions of berserk rage {unknown}
 v - 2 potions of heal wounds {unknown}
 z - 3 potions of curing {unknown}
 C - a potion of mutation {unknown}
 D - a potion of attraction {unknown}


   Skills:
 + Level 5.9(6.4) Fighting
 * Level 8.5 Axes
 - Level 2.6(3.0) Armour
 + Level 5.4(5.9) Shields
 + Level 0.3(0.4) Spellcasting


You had 7 spell levels left.
You didn't know any spells.
Your spell library contained the following spells:

 Spells                   Type           Power      Damage    Failure   Level
 Apportation              Tloc           0%         N/A       82%         1
 Alistair's Intoxication  Tmut/Pois      0%         N/A       100%        5


Dungeon Overview and Level Annotations

Branches:
Dungeon (6/15)             Temple (1/1) D:5

Altars:
Ashenzari
Cheibriados
Gozag
Kikubaaqudgha
Makhleb
Sif Muna
Wu Jian
Yredelemnul
Lugonu

Shops:
D:1 !   D:6 =


Innate Abilities, Weirdness & Mutations

You have hoof-like feet.
A demonic guardian rushes to your aid.
Your demonic aura sometimes causes spilled blood to erupt in flames.


Message History

You open the door.
There is an open door here.
Found an escape hatch in the floor.
Things that are here:
a +0 leather armour; a +0 club
Found Wetaov's Jewellery Boutique.
A bullfrog and a hound come into view.
The bullfrog croaks.
There are monsters nearby!
There are monsters nearby!
The bullfrog releases a deep croak.
You slash the bullfrog! Your kick misses the bullfrog.
The bullfrog closely misses you.
The bullfrog hits you but does no damage.
You hit the bullfrog. You kick the bullfrog.
The bullfrog hits you but does no damage.
You hit the bullfrog.
You kill the bullfrog!
You completely miss the hound. The hound bites you.
You block the hound's attack.
You barely miss the hound. You kick the hound, but do no damage.
You block the hound's attack.
You hit the hound. You kick the hound. The hound bites you but does no damage.
The hound barely misses you.
You hit the hound. You kick the hound. The hound bites you but does no damage.
You closely miss the hound. The hound bites you.
You barely miss the hound. The hound closely misses you.
The hound bites you but does no damage.
You hit the hound but do no damage. You block the hound's attack.
You barely miss the hound. You kick the hound, but do no damage.
The hound completely misses you.
You hit the hound but do no damage. Your kick misses the hound.
The hound bites you. You block the hound's attack.
You hit the hound.
You kill the hound!
No target in view!
You enter the shallow water.
Moving in this stuff is going to be slow.
Found a stone staircase leading down.
There is an entrance to Wetaov's Jewellery Boutique here.
Found a short sword.
Ashenzari invites you to partake of a vision and a curse of introspection and fortitude.
Okay, then.
Unknown command.
Okay, then.
Your amulet of magic regeneration glows black for a moment.
Found a runed falchion.
An orc warrior is nearby!
An orc warrior is nearby!
Okay, then.
Okay, then.
The orc warrior shouts!
You hit the orc warrior. The orc warrior closely misses you.
You hit the orc warrior.
You kick the orc warrior, but do no damage.
The orc warrior hits you with a +0 dire flail.
You hit the orc warrior but do no damage.
You kick the orc warrior. You block the orc warrior's attack.
You completely miss the orc warrior. You block the orc warrior's attack.
You hit the orc warrior.
You kick the orc warrior, but do no damage.
The orc warrior closely misses you.
You hit the orc warrior.
You kick the orc warrior, but do no damage.
The orc warrior closely misses you.
You hit the orc warrior but do no damage.
The orc warrior hits you with a +0 dire flail!
You are too injured to fight recklessly!
You are too injured to fight recklessly!
You hit the orc warrior.
The orc warrior hits you with a +0 dire flail!!
* * * LOW HITPOINT WARNING * * *
You completely miss the orc warrior.
You kick the orc warrior, but do no damage.
The orc warrior is engulfed in blazing flames.
You block the orc warrior's attack.
You hit the orc warrior but do no damage.
You kick the orc warrior, but do no damage.
The orc warrior is engulfed in blazing flames.
You kill the orc warrior!
Things that are here:
a +0 dire flail; a +0 plate armour; an orc corpse You see here a +3 falchion.
D - a golden potion Key pressed, stopping explore.
You see here a +3 falchion.
E - a wand of paralysis (11) Search for what [Enter for "."]? axes Your movement speed is average.
Your attack delay is about 0.9.
Could not explore, unopened door.
Could not explore, unopened door.
Could not explore, unopened door.
You open the door.
Found a burning altar of Makhleb.
You now have 358 gold pieces (gained 12).
Found 17 stones.
Found 27 bolts.
There is an open door here.
You now have 370 gold pieces (gained 12).
You enter the shallow water.
Moving in this stuff is going to be slow.
The electric eel shoots out a bolt of lightning at you!
The bolt of electricity hits the plant!
The plant begins to die.
The bolt of electricity hits you.
An electric eel is nearby!
An electric eel is nearby!
A nearby plant withers and dies.
The electric eel shoots out a bolt of lightning at you!
The bolt of electricity hits the plant!
The plant begins to die.
The bolt of electricity hits you!
You enter the shallow water.
Moving in this stuff is going to be slow.
The electric eel shoots out a bolt of lightning at you!
The bolt of electricity hits you!
A demonic guardian appears!
The bolt of electricity hits the plant.
The plant begins to die.
The bolt of electricity hits the plant!
The plant begins to die.
An electric eel comes into view.
You barely miss the electric eel. You kick the electric eel.
You hit the plant but do no damage.
Your unstable footing causes you to fumble your attack.
The electric eel shoots out a bolt of lightning at you!
The bolt of electricity hits you!
The bolt of electricity hits the plant! x2
The electric eel shoots out a bolt of lightning at you!
The bolt of electricity hits your hellwing.
The bolt of electricity hits you.
Your unstable footing causes you to fumble your attack.
The electric eel shoots out a bolt of lightning at you!
The bolt of electricity hits your hellwing!
The bolt of electricity hits you.
* * * LOW HITPOINT WARNING * * *
The electric eel shoots out a bolt of lightning at you!
The bolt of electricity hits your hellwing.
The bolt of electricity hits the electric eel.
The electric eel completely resists.
The bolt of electricity hits you!
* * * LOW HITPOINT WARNING * * *
Your hellwing swoops through the air toward the electric eel!
Your hellwing hits the electric eel.
Your hellwing hits the electric eel but does no damage.
Your hellwing closely misses the electric eel.
Your hellwing hits the electric eel!
The electric eel shoots out a bolt of lightning at you!
The bolt of electricity hits your hellwing.
The bolt of electricity hits you!
* * * LOW HITPOINT WARNING * * *
The electric eel shoots out a bolt of lightning at you!
The bolt of electricity hits your hellwing.
The bolt of electricity hits you!
* * * LOW HITPOINT WARNING * * *
The bolt of electricity hits you!
You die...

......#'#########..≈.≈.......#.#.
###......# #.≈≈.≈≈......#'#.
####...# #.≈≈∩≈≈.......... #...#
#.≈≈≈≈≈.......... ######...#
#..≈≈≈....>...... .........#
#................ .........#
#.......######### ####.....#
####.######### #......#
#..@.........# ##......#
#............#
≈♣≈≈≈♣P♣####............#
♣♣≈P≈♣≈≈≈≈♣≈≈♣4...........#
P≈≈≈≈♣≈P≈≈≈≈≈S♣...........#
≈≈≈≈≈≈≈≈≈≈≈≈≈≈≈♣≈.........#
≈≈≈≈≈≈≈≈≈≈≈≈≈≈P≈♣♣........#
≈≈≈≈≈≈≈≈≈≈≈≈≈≈♣≈PP♣.......#
≈≈≈≈≈≈≈≈≈≈≈≈≈≈≈≈≈≈P♣#######


You could see an electric eel (ally target) and a friendly hellwing (summoned).

Vanquished Creatures
  Prince Ribbit (D:5)
  An orc warrior (D:6)
  A necrophage (D:6)
  3 ogres
  A centaur (D:6)
  2 bullfrogs
  A water moccasin zombie (D:5)
  2 scorpions
  A bullfrog zombie (D:5)
  5 jellies
  2 hounds (D:6)
  A bullfrog skeleton (D:6)
  Ijyb (D:5)
  5 iguanas
  Terence (D:2)
  A hound skeleton (D:4)
  A howler monkey skeleton (D:5)
  7 adders
  7 gnolls (D:5)
  2 worms
  4 dart slugs
  7 orcs
  6 bats
  2 endoplasms
  3 giant cockroaches
  29 hobgoblins
  2 quokkas (D:1)
  5 ball pythons
  5 frilled lizards
  26 goblins
  8 kobolds
  2 rats (D:3)
145 creatures vanquished.

Vanquished Creatures (collateral kills)
  An ice beast (D:6)
  An ogre (D:6)
  A gnoll (D:5)
  A kobold (D:5)
4 creatures vanquished.

Vanquished Creatures (others)
  11 plants (D:6)
11 creatures vanquished.

Grand Total: 160 creatures vanquished

Notes
Turn   | Place    | Note
-------+----------+-------------------------------------------
     0 | D:1      | CryoSword the Demonspawn Fighter began the quest for the
                  | Orb.
     0 | D:1      | Reached XP level 1. HP: 18/18 MP: 1/1
   116 | D:1      | Reached skill level 2 in Axes
   151 | D:1      | Found Ziuk's Distillery.
   354 | D:1      | Gained mutation: You have large cloven feet. [demonic
                  | ancestry]
   354 | D:1      | Reached XP level 2. HP: 24/24 MP: 2/2
   788 | D:2      | Reached skill level 3 in Axes
   797 | D:2      | Reached XP level 3. HP: 26/29 MP: 3/3
  1165 | D:2      | Noticed Terence
  1172 | D:2      | Killed Terence
  1173 | D:2      | Reached skill level 4 in Axes
  1173 | D:2      | Gained mutation: You have hoof-like feet. [demonic
                  | ancestry]
  1173 | D:2      | Reached XP level 4. HP: 30/35 MP: 4/4
  1435 | D:2      | Found a faded altar of an unknown god.
  2577 | D:4      | Reached skill level 5 in Axes
  2577 | D:4      | Reached XP level 5. HP: 37/41 MP: 5/5
  3168 | D:4      | Noticed an ogre
  3205 | D:3      | Gained mutation: Your demonic aura sometimes causes spilled
                  | blood to erupt in flames. [demonic ancestry]
  3205 | D:3      | Reached XP level 6. HP: 12/47 MP: 6/6
  4006 | D:5      | Entered Level 5 of the Dungeon
  4044 | D:5      | Reached skill level 6 in Axes
  4123 | D:5      | Gained mutation: A weak demonic guardian rushes to your
                  | aid. [demonic ancestry]
  4123 | D:5      | Reached XP level 7. HP: 30/54 MP: 7/7
  4439 | D:5      | Found an ornate altar of the Wu Jian Council.
  5271 | D:5      | Noticed Ijyb
  5288 | D:5      | Killed Ijyb
  5904 | D:5      | Noticed Prince Ribbit
  5919 | D:5      | Killed Prince Ribbit
  5920 | D:5      | Reached skill level 7 in Axes
  5920 | D:5      | Gained mutation: A demonic guardian rushes to your aid.
                  | [demonic ancestry]
  5920 | D:5      | Reached XP level 8. HP: 40/61 MP: 8/8
  5966 | D:5      | Reached skill level 5 in Fighting
  6138 | D:5      | Found a staircase to the Ecumenical Temple.
  6147 | Temple   | Entered the Ecumenical Temple
  6179 | Temple   | Became a worshipper of Ashenzari the Shackled
  6967 | D:6      | Reached skill level 5 in Shields
  6991 | D:6      | Reached skill level 8 in Axes
  7728 | D:6      | Found Wetaov's Jewellery Boutique.
  8138 | D:6      | Found a burning altar of Makhleb.
  8237 | D:6      | Killed from afar by an electric eel

Illustrated notes

Levels and vault maps discovered:
D:1:      dpeg_arrival_yet_another_circle, layout_basic, serial_shops,
          nicolae_shop_hallway_stairs
D:2:      layout_loops_ring, nicolae_ecumenical_pavilion, uniq_terence
D:3:      layout_basic
D:4:      layout_gridville
D:5:      minmay_goblin_kobold_castle, layout_cave_pools,
          mainiacjoe_overflow_concentric_impassable, temple_hall, minivault_14,
          uniq_ijyb, uniq_prince_ribbit1
D:6:      layout_basic, mainiacjoe_overflow_surrounded_room, serial_shops,
          nicolae_shop_waterfront, grunt_decor_resistance, serial_bayou_lake_a
Temple:   corrupted_temple

Skill      XL: |  1  2  3  4  5  6  7  8 |
---------------+-------------------------+-----
Axes           | 2 3 4 5 6 7 8 |  8.5
Shields        | 3 4 5 |  5.4
Fighting       | 4 5 |  5.9
Armour         | |  2.6
Spellcasting   | |  0.3

Action                   |  1- 3 |  4- 6 |  7- 9 || total
-------------------------+-------+-------+-------++-------
Melee: War axe           |    72 |    33 |       ||   105
       Kick              |     4 |    48 |    75 ||   127
       Hand axe          |       |   105 |   230 ||   335
Throw: Dart              |     5 |     4 |    11 ||    20
       Throwing net      |       |       |     3 ||     3
Invok: Curse Item        |       |       |     1 ||     1
  Use: Scroll            |       |     1 |       ||     1
       Potion            |       |       |     1 ||     1
Armor: Scale mail        |    37 |    37 |    77 ||   151
Dodge: Dodged            |    31 |    61 |    82 ||   174
Block: Buckler           |    21 |    29 |    53 ||   103
